 Dungeon Crawl Stone Soup version 0.31-a0-1308-ga3cce3a448 (webtiles) character file.

Game seed: 16611727852369408348

329909 bmb222 the Tortoise (level 20, -1/179 HPs)
             Began as a Demonspawn Delver on Dec 19, 2023.
             Was a Follower of Uskayaw.
             Slain by a deep troll (7 damage)
             ... on level 2 of the Depths.
             The game lasted 01:42:29 (45255 turns).

bmb222 the Tortoise (Demonspawn Delver)            Turns: 45255, Time: 01:42:30

Health: -1/179     AC: 25    Str: 29    XL:     20   Next: 84%
Magic:  0/26       EV: 24    Int: 17    God:    Uskayaw [*.....]
Gold:   3922       SH:  0    Dex: 21    Spells: 15/19 levels left

rFire   + + +        j - +8 short sword "Antinula" {drain, ^Fragile rElec rPois Str+3 Stlth+}
rCold   + . .        (no shield)
rNeg    . . .        n - +0 acid dragon scales
rPois   +            T - +2 helmet of Terefoh {rPois rF++ rCorr Str+2}
rElec   +            (cloak unavailable)
rCorr   +            B - +2 pair of gloves {Dex+3}
SInv    .            W - +2 pair of boots {rampage}
Will    +....        t - amulet of regeneration
Stlth   +++++++      I - ring of Leaves {Fly rPois rF+ Str+4}
HPRegen 1.29/turn    D - ring of Qutasiw {rC+ Str+6 Slay+2}
MPRegen 0.40/turn

%: guardian spirit, rampage
@: on berserk cooldown, flying, slowed, studying 2 skills, very slow
A: yellow scales 2, demonic guardian 3, robust 1, magic shield, magic
regeneration, weakness stinger 3, clever 1, mutation resistance 1, MP-powered
wands, noise suppression
}: 2/15 runes: decaying, serpentine
a: Renounce Religion, Stomp


You were on level 2 of the Depths.
You worshipped Uskayaw.
Uskayaw was aware of your devotion.
You visited 9 branches of the dungeon, and saw 37 of its levels.
You visited the Abyss 2 times.
You also visited: Ice Cave and Volcano.

You collected 5990 gold pieces.
You spent 2068 gold pieces at shops.

Inventory:

Hand Weapons
 i - a +2 scimitar of distortion
 j - the +8 short sword "Antinula" (weapon) {drain, ^Fragile rElec rPois Str+3 Stlth+}
   (You found it on level 2 of the Snake Pit)

   Str+3:     It affects your strength (+3).
   rElec:     It insulates you from electricity.
   rPois:     It protects you from poison ^Fragile: It will be destroyed if
   unequipped.
   Stlth+:    It makes you more stealthy.
 w - a +6 dagger of venom
 U - the +8 rapier of the Eternal Warrior {venom, rPois Dex+9}
   (You acquired it on level 3 of the Lair of Beasts)

   Dex+9:     It affects your dexterity (+9).
   rPois:     It protects you from poison
Missiles
 E - 2 atropa-tipped darts
 K - a curare-tipped dart
Armour
 h - the +1 buckler "Qeis" {-Tele Rampage rN++ Slay+2}
   (You bought it in a shop on level 2 of the Orcish Mines)

   Slay+2:    It affects your accuracy & damage with ranged weapons and melee
   (+2).
   rN++:      It greatly protects you from negative energy.
   -Tele:     It prevents most forms of teleportation.
   Rampage:   It bestows one free step when moving towards enemies.
 n - +0 acid dragon scales (worn)
 A - a +0 buckler of cold resistance
 B - a +2 pair of gloves of dexterity (worn)
 T - the +2 helmet of Terefoh (worn) {rPois rF++ rCorr Str+2}
   (You found it in a volcano)

   Str+2:     It affects your strength (+2).
   rF++:      It greatly protects you from fire.
   rPois:     It protects you from poison rCorr: It protects you from acid and
   corrosion.
 W - a +2 pair of boots of rampaging (worn)
Jewellery
 l - the ring "Ymexkeaz" {rCorr Dex+4}
   (You found it on level 2 of the Snake Pit)

   [ring of resist corrosion]

   Dex+4:     It affects your dexterity (+4).
   rCorr:     It protects you from acid and corrosion.
 o - the ring "Dyung" {Fly Will- rCorr EV+5}
   (You found it on level 2 of the Dungeon)

   [ring of evasion]

   EV+5:      It affects your evasion (+5).
   Will-:     It decreases your willpower.
   Fly:       It grants you flight.
   rCorr:     It protects you from acid and corrosion.
 t - an amulet of regeneration (around neck)
 y - the amulet "Ypor" {-Tele rElec Regen+ Str+3}
   (You found it on level 1 of the Depths)

   [amulet of regeneration]

   Str+3:     It affects your strength (+3).
   rElec:     It insulates you from electricity.
   -Tele:     It prevents most forms of teleportation.
   Regen+:    It increases your rate of health regeneration.
 D - the ring of Qutasiw (right hand) {rC+ Str+6 Slay+2}
   (You bought it in a shop on level 4 of the Snake Pit)

   [ring of strength]

   Str+6:     It affects your strength (+6).
   Slay+2:    It affects your accuracy & damage with ranged weapons and melee
   (+2).
   rC+:       It protects you from cold.
 G - a +5 ring of evasion
 I - the ring of Leaves (left hand) {Fly rPois rF+ Str+4}
   (You found it on level 1 of the Depths)

   [ring of flight]

   Str+4:     It affects your strength (+4).
   rF+:       It protects you from fire.
   rPois:     It protects you from poison Fly: It grants you flight.
Talismans
 x - a granite talisman
Wands
 f - a wand of flame (52)
 g - a wand of digging (29)
 r - a wand of paralysis (25)
 N - a wand of polymorph (16)
 O - a wand of mindburst (33)
 Q - a wand of roots (34)
 Z - a wand of acid (53)
Scrolls
 c - 7 scrolls of fog
 d - 2 scrolls of revelation
 e - 8 scrolls of fear
 k - 4 scrolls of teleportation
 q - 8 scrolls of poison
 v - 8 scrolls of enchant weapon
 C - 7 scrolls of amnesia
 F - 14 scrolls of identify
 H - a scroll of summoning
 P - 6 scrolls of enchant armour
Potions
 a - 2 potions of ambrosia
 b - 8 potions of curing
 m - 7 potions of enlightenment
 s - a potion of invisibility
 u - 3 potions of heal wounds
 z - a potion of cancellation
 J - 3 potions of lignification
 M - 4 potions of might
 S - 8 potions of brilliance
 V - 6 potions of mutation
 X - 4 potions of magic
 Y - 3 potions of berserk rage


   Skills:
 - Level 15.6 Fighting
 - Level 14.0 Short Blades
 * Level 18.2 Armour
 + Level 16.7 Dodging
 + Level 16.7 Stealth
 - Level 7.5 Shields
 - Level 8.0 Invocations
 * Level 9.5 Shapeshifting


You had 15 spell levels left.
You knew the following spells:

 Your Spells              Type           Power      Damage    Failure   Level
a - Manifold Assault      Tloc           0%         N/A       95%         4

Your spell library contained the following spells:

 Spells                   Type           Power      Damage    Failure   Level
 Apportation              Tloc           0%         N/A       26%         1
 Freeze                   Ice            0%         1d3       26%         1
 Kiss of Death            Conj/Necr      0%         2d5       26%         1
 Necrotise                Necr           0%         1d4       26%         1
 Slow                     Hex            0%         N/A       26%         1
 Blink                    Tloc           0%         N/A       36%         2
 Cigotuvi's Dreadful Rot  Necr/Pois/Air  0%         N/A       36%         2
 Ensorcelled Hibernation  Hex/Ice        0%         N/A       36%         2
 Jinxbite                 Hex            0%         N/A       36%         2
 Lesser Beckoning         Tloc           0%         N/A       36%         2
 Momentum Strike          Conj/Tloc      0%         3d8       36%         2
 Passwall                 Tmut/Erth      0%         N/A       36%         2
 Poisonous Vapours        Pois/Air       0%         N/A       36%         2
 Scorch                   Fire           0%         2d5       36%         2
 Sublimation of Blood     Necr           0%         N/A       36%         2
 Wereblood                Tmut           0%         N/A       36%         2
 Call Canine Familiar     Summ           0%         N/A       61%         3
 Confusing Touch          Hex            0%         N/A       61%         3
 Dazzling Flash           Conj/Hex       0%         N/A       61%         3
 Frozen Ramparts          Ice            0%         1d1       61%         3
 Hailstorm                Conj/Ice       0%         3d5       61%         3
 Ignite Poison            Fire/Tmut/Pois 0%         N/A       61%         3
 Mephitic Cloud           Conj/Pois/Air  0%         N/A       61%         3
 Ozocubu's Armour         Ice            0%         N/A       61%         3
 Sigil of Binding         Hex            0%         N/A       61%         3
 Stone Arrow              Conj/Erth      0%         3d7       61%         3
 Swiftness                Air            0%         N/A       61%         3
 Tukima's Dance           Hex            0%         N/A       61%         3
 Vampiric Draining        Necr           0%         2d6       61%         3
 Airstrike                Air            0%         2d(0-16)  95%         4
 Brom's Barrelling Bould  Conj/Erth      0%         2d3       95%         4
 Dimensional Bullseye     Hex/Tloc       0%         N/A       95%         4
 Flame Wave               Conj/Fire      0%         2d4       95%         4
 Fulminant Prism          Conj/Hex       0%         3d5       95%         4
 Passage of Golubria      Tloc           0%         N/A       95%         4
 Petrify                  Tmut/Erth      0%         N/A       95%         4
 Vhi's Electric Charge    Tloc/Air       0%         N/A       95%         4
 Alistair's Intoxication  Tmut/Pois      0%         N/A       100%        5
 Borgnjor's Vile Clutch   Necr/Erth      0%         N/A       100%        5
 Fireball                 Conj/Fire      0%         3d3       100%        5
 Freezing Cloud           Conj/Ice/Air   0%         6-21      100%        5
 Irradiate                Conj/Tmut      0%         3d11      100%        5
 Metabolic Englaciation   Hex/Ice        0%         N/A       100%        5
 Yara's Violent Unravell  Hex/Tmut       0%         3d3       100%        5
 Conjure Ball Lightning   Conj/Air       0%         3x3d6     100%        6
 Eringya's Noxious Bog    Tmut/Pois      0%         4d6       100%        6
 Starburst                Conj/Fire      0%         6d3       100%        6
 Enfeeble                 Hex            0%         N/A       100%        7
 Haunt                    Necr/Summ      0%         N/A       100%        7
 Ozocubu's Refrigeration  Ice            0%         4d7       100%        7
 Spellforged Servitor     Conj/Summ      0%         N/A       100%        7
 Summon Hydra             Summ           0%         N/A       100%        7
 Borgnjor's Revivificati  Necr           0%         N/A       100%        8
 Ignition                 Fire           0%         3d3       100%        8
 Summon Horrible Things   Summ           0%         N/A       100%        8
 Death's Door             Necr           0%         N/A       100%        9
 Polar Vortex             Ice            0%         N/A       100%        9


Dungeon Overview and Level Annotations

Branches:
Dungeon (15/15)            Temple (1/1) D:5            Lair (5/5) D:10
  Swamp (4/4) Lair:2        Snake (4/4) Lair:3        Slime (1/5) Lair:4
    Orc (2/2) D:10            Elf (3/3) Orc:2        Vaults (0/5) D:14
 Depths (2/4) D:15          IceCv (visited)         Volcano (visited)

Altars:
Ashenzari
Cheibriados
Dithmenos
Fedhas
Gozag
Hepliaklqana
Kikubaaqudgha
Makhleb
Nemelex Xobeh
Okawaru
Qazlal
Ru
Sif Muna
Trog
Uskayaw
Vehumet
Wu Jian
Xom
Yredelemnul
Jiyva

Shops:
D:1 [(:   D:2 [   D:5 [   D:8 =   Orc:2 (=[:*   Elf:1 *[   Elf:3 *:   Snake:2 [
Snake:4 =:=   Depths:1 :

Portals:
Hell: Depths:1 Depths:2
Abyss: Depths:1

Annotations:
D:9 2 runed translucent doors, Daunt's ghost, novice DrVM
Lair:2 3 runed translucent doors, ksail's ghost, journeyman MiFi
Snake:1 1 transporter
Elf:2 2 runed translucent doors
Elf:3 3 runed translucent doors, exclusion: obsidian statue, olddryhag's ghost, adept GrGl


Innate Abilities, Weirdness & Mutations

You are mostly covered in yellow scales. (AC +3)
A powerful demonic guardian rushes to your aid.
You are robust. (+10% HP)
When hurt, damage is shared between your health and your magic reserves.
You regenerate magic rapidly.
You have a sharp stinger which inflicts weakening toxins.
Your mind is acute. (Int +4, Str/Dex -1)
You are somewhat resistant to further mutation.
You expend magic power (3 MP) to strengthen your wands.
You passively dampen the noise of your surroundings.


Message History

Something draws strength from your injuries!
The sphinx falters for a moment.
Your lorocyproca hits the sphinx!
The sphinx dies!
You feel your anger nearly subside.
You are no longer berserk.
You are exhausted.
You feel as though you will be slow longer.
The spriggan air mage shouts!
The deep troll earth mage attacks as it pursues you!
The deep troll earth mage misses you.
The deep troll earth mage claws you but does no damage.
The deep troll earth mage misses you. Something hits you but does no damage.
Something bites you but does no damage.
Unknown command.
Some rock shatters into small pieces.
The deep troll bites your lorocyproca!
The deep troll claws your lorocyproca! x2
Something hits you but does no damage. Something bites you!
* * * LOW HITPOINT WARNING * * *
Something draws strength from your injuries!
Your lorocyproca hits the deep troll!
The deep troll earth mage completely misses you.
The deep troll earth mage closely misses you.
The deep troll earth mage misses you. The deep troll bites your lorocyproca!
The deep troll claws your lorocyproca! The deep troll claws your lorocyproca.
Something hits you!
* * * LOW HITPOINT WARNING * * *
Something bites you but does no damage.
The spriggan air mage hits you but does no damage.
Your lorocyproca hits the deep troll!!
The deep troll bites you but does no damage.
The deep troll misses you. The deep troll completely misses you.
Something hits you but does no damage. Something misses you.
The spriggan air mage hits you but does no damage.
Your lorocyproca hits the deep troll but does no damage.
There is a stone staircase leading up here.
Unknown command.
Something hits you!!
* * * LOW HITPOINT WARNING * * *
Something bites you but does no damage. The deep troll misses you.
The deep troll barely misses you. The deep troll claws you!
You die...

.....C.########.####≈≈≈##
.............##..####### #
### #......###..#....#
#.##..# #......###....#.##
#..#..###......#....#.#.#
#..#...#......#.#.##.#.####
#..#.........'.#....#...^#
#..#..2..T.i######......#
#....T...T@......####..#
##..T......###...# #>#
#...........#.### ##
#.........##.#.#
#...T.........#.#
#..........#####.#
.T########.# #.# , #... #.#
### #.#


You could see 2 deep trolls, a spriggan air mage (repels missiles), 3 deep troll
earth magi and a friendly lorocyproca (summoned, invisible).

Vanquished Creatures
  A dread lich (Abyss:3)
  Mara (Snake:3)
  Saint Roka (Orc:2)
  Nikola (Swamp:1)
  A bone dragon (Elf:3)
  A golden dragon (Depths:1)
  A deep elf blademaster (Elf:3)
  A tentacled monstrosity (Swamp:3)
  A lich (Depths:2)
  A titan (Depths:1)
  3 deep elf master archers (Elf:3)
  Mlioglotl (Swamp:2)
  A sphinx (D:14)
  An acid blob (Slime:1)
  2 tentacled starspawn (Abyss:3)
  A thorn hunter (Swamp:4)
  Roxanne (Snake:2)
  A fire giant (Depths:1)
  Aizul (Snake:1)
  10 nagarajas
  2 rockslimes (Slime:1)
  3 frost giants
  10 deep elf sorcerers
  3 deep elf elementalists
  A reaper (Depths:1)
  A caustic shrike zombie (Depths:1)
  Louise (Snake:2)
  2 very ugly things
  6 stone giants
  Nessos (Lair:5)
  5 deep elf demonologists
  9 deep elf annihilators (Elf:3)
  5 bunyips
  5 eleionomae
  3 deep elf death magi
  A white draconian (IceCv)
  Snorg (Lair:4)
  5 fire dragons
  3 ettins (Depths:1)
  Harold (Lair:2)
  3 deep elf high priests
  A shambling mangrove (Swamp:4)
  A yaktaur captain (D:14)
  3 spriggan zombies (Depths:1)
  5 alligators
  A rakshasa (Depths:1)
  2 sphinx zombies (Depths:1)
  2 salamander tyrants
  25 hydras
  2 ghost crabs
  A death knight (D:15)
  6 boulder beetles
  3 ogre magi
  2 ice dragons
  A catoblepas (Lair:5)
  3 centaur warriors
  10 anacondas
  A spriggan air mage (Depths:1)
  5 ironbound frosthearts (IceCv)
  17 two-headed ogres
  9 naga warriors
  7 death yaks
  20 dancing weapons
  A deep troll earth mage (Depths:1)
  2 hell hogs
  4 tengu warriors
  A deep troll shaman (Depths:1)
  2 orc high priests (Elf:1)
  6 shock serpents
  Urug (Orc:1)
  3 spriggan berserkers
  A titan zombie (Depths:1)
  A shock serpent (shapeshifter) (Elf:1)
  2 soul eaters (Depths:1)
  An occultist (Elf:2)
  A thrashing horror (Abyss:2)
  Nergalle (Lair:2)
  10 deep elf knights
  3 spriggans (Swamp:3)
  10 naga sharpshooters
  An iron troll (Depths:1)
  6 salamander mystics
  A skeletal warrior (D:15)
  A skyshark (Lair:4)
  3 goliath frogs
  2 flayed ghosts
  3 spriggan druids
  An orange crystal statue (IceCv)
  Lodul (D:10)
  A golden dragon zombie (Depths:1)
  9 sea snakes
  A deep troll (Depths:1)
  8 swamp dragons (Swamp:4)
  3 arcanists
  2 naga ritualists
  9 bog bodies
  9 deep elf archers
  A tengu zombie (Depths:1)
  7 lindwurms
  3 starcursed masses (Abyss:3)
  29 deep elf pyromancers
  4 large abominations (Abyss:3)
  2 wolf spiders (Lair:4)
  An orc knight (D:14)
  6 orc sorcerers
  A frost giant zombie (Depths:1)
  5 mana vipers
  An iron dragon zombie (Depths:1)
  17 ugly things
  25 deep elf zephyrmancers
  A shining eye (Slime:1)
  9 cyclopes
  7 manticores
  7 will-o-the-wisps
  4 stone giant zombies (Depths:1)
  Maurice (D:8)
  4 elephants (Lair:5)
  17 salamanders
  26 black mambas
  6 guardian serpents
  A smoke demon (Volcano)
  16 naga magi
  A cane toad (shapeshifter) (D:13)
  An orange demon (Abyss:3)
  A spectral sea snake (Snake:1)
  A torpor snail (Lair:3)
  9 cane toads
  2 unseen horrors
  An efreet (D:13)
  22 rime drakes
  7 komodo dragons
  6 yaktaurs
  A freezing wraith (D:15)
  2 tengu conjurers (Depths:1)
  A yaktaur (shapeshifter) (Elf:1)
  A sea snake skeleton (Snake:1)
  3 spectral nagas (Snake:1)
  4 trolls
  2 bloated husks (Swamp:1)
  4 hornets
  A spectral guardian serpent (Snake:1)
  33 polar bears
  2 glass eyes (Depths:1)
  3 raiju
  30 blink frogs
  7 tyrant leeches
  5 dream sheep (Lair:3)
  A raiju (shapeshifter) (Elf:1)
  4 ettin zombies (Depths:1)
  5 air elementals
  4 flying skulls (Abyss:3)
  A shadow (D:9)
  3 wyverns
  A vampire (D:11)
  10 slime creatures
  16 humans (D:14)
  A water elemental (Elf:2)
  3 wraiths
  2 golden eyes (Abyss:3)
  5 steam dragons
  53 yaks
  2 hogs (Lair:5)
  5 basilisks
  2 fire elementals (Elf:1)
  A sea snake simulacrum (Snake:1)
  7 wargs
  9 vampire mosquitoes
  49 nagas
  3 small abominations (Abyss:3)
  7 swamp worms
  A glowing shapeshifter zombie (Depths:1)
  3 human zombies (Depths:1)
  2 acid dragons
  18 water moccasins
  16 hell hounds
  14 black bears
  A guardian serpent simulacrum (Snake:1)
  An ice beast (D:6)
  A sky beast (D:7)
  6 swamp drakes
  28 ogres
  9 orc warriors
  2 centaurs
  34 wolves
  4 kobold brigands
  4 earth elementals
  3 scorpions
  4 bullfrogs
  A brain worm (Abyss:3)
  14 killer bees
  6 electric eels
  3 howler monkeys
  3 crimson imps (D:9)
  4 hounds
  2 jellies (D:7)
  12 orc priests
  Crazy Yiuf (D:7)
  2 gnoll boudas
  3 iguanas (D:5)
  An iron imp (Abyss:3)
  2 sleepcaps
  Terence (D:3)
  13 orc wizards
  4 naga skeletons (Snake:1)
  12 gnolls
  8 adders
  5 naga simulacra (Snake:1)
  3 dart slugs
  41 orcs
  3 bats
  9 endoplasms
  3 giant cockroaches
  5 goblins
  6 hobgoblins
  8 jackals (D:1)
  27 kobolds
  9 quokkas
  9 ball pythons
  3 frilled lizards
  5 rats
1265 creatures vanquished.

Vanquished Creatures (collateral kills)
  A sphinx (Depths:2)
  A walking earthen tome (Depths:1)
  Kirke (Lair:5)
  A deep elf sorcerer (Elf:3)
  A dire elephant (Lair:5)
  A fire dragon (Volcano)
  An ice dragon (IceCv)
  A salamander tyrant (Snake:2)
  2 ogre magi (Orc:2)
  A catoblepas (Lair:5)
  An anaconda (Snake:4)
  3 two-headed ogres
  2 naga warriors (Snake:4)
  2 death yaks (Lair:1)
  A shock serpent (Snake:4)
  A naga sharpshooter (Snake:4)
  2 salamander mystics
  A deep elf archer (Elf:1)
  A deep elf pyromancer (Elf:1)
  A mana viper (Snake:4)
  4 oklob plants (Lair:5)
  2 guardian serpents (Snake:4)
  A komodo dragon (D:10)
  A glass eye (Depths:1)
  A shadow (D:10)
  9 yaks
  4 steam dragons (Volcano)
  A human zombie (Depths:1)
  A vampire mosquito (D:10)
  A naga (Snake:4)
  Menkaure (D:5)
  A water moccasin (Lair:5)
  4 orc warriors (Orc:2)
  9 ogres
  A howler monkey (D:8)
  A hound (D:5)
  An orc wizard (Orc:2)
  2 white imps
  4 orcs
75 creatures vanquished.

Vanquished Creatures (others)
  A hydra (Swamp:4)
  A large abomination (Abyss:3)
  A spriggan druid (Swamp:4)
  A deep elf pyromancer (Elf:3)
  A bloated husk (Swamp:3)
  A human (Lair:5)
  An orc wizard (Orc:2)
  28 foxfires (Swamp:4)
  2 starspawn tentacles (Abyss:3)
37 creatures vanquished.

Grand Total: 1377 creatures vanquished

Notes
Turn   | Place    | Note
-------+----------+-------------------------------------------
     0 | D:5      | bmb222 the Demonspawn Delver began the quest for the Orb.
     0 | D:5      | Reached XP level 1. HP: 18/18 MP: 1/1
     3 | D:5      | Noticed an iguana
   367 | D:3      | Noticed Terence
   383 | D:3      | Gained mutation: You regenerate magic rapidly. [demonic
                  | ancestry]
   383 | D:3      | Reached XP level 2. HP: 20/24 MP: 2/2
   743 | D:2      | Identified the ring "Dyung" {Fly Will- rCorr EV+5}
   859 | D:2      | Reached XP level 3. HP: 17/29 MP: 3/3
  1162 | D:2      | Found Senyh's Armour Shoppe.
  1478 | D:1      | Found Pulliuh's Antique Weapon Boutique.
  1478 | D:1      | Found Fuenkau's Antique Armour Shoppe.
  1714 | D:1      | Reached XP level 4. HP: 35/35 MP: 4/4
  2289 | D:1      | Found Ylaakhle's Book Shoppe.
  2931 | D:3      | Reached skill level 5 in Stealth
  3104 | D:3      | Killed Terence
  3160 | D:3      | Noticed a centaur
  3175 | D:3      | Gained mutation: You are partially covered in yellow
                  | scales. (AC +2) [demonic ancestry]
  3175 | D:3      | Reached XP level 5. HP: 42/42 MP: 5/5
  3211 | D:3      | Killed a centaur
  3270 | D:3      | Gained mutation: A weak demonic guardian rushes to your
                  | aid. [demonic ancestry]
  3270 | D:3      | Reached XP level 6. HP: 47/48 MP: 6/6
  4194 | D:1      | Bought a fine robe for 142 gold pieces
  4194 | D:1      | Identified the +2 robe of Spring Thaw {Stlth+} (You bought
                  | it in a shop on level 1 of the Dungeon)
  4434 | D:5      | Noticed Menkaure
  4471 | D:5      | Killed Menkaure
  4472 | D:5      | Gained mutation: A demonic guardian rushes to your aid.
                  | [demonic ancestry]
  4472 | D:5      | Reached XP level 7. HP: 22/55 MP: 7/7
  4623 | D:5      | Found a staircase to the Ecumenical Temple.
  4635 | Temple   | Entered the Ecumenical Temple
  4657 | Temple   | Became a worshipper of Uskayaw the Reveller
  4714 | D:5      | Reached * piety under Uskayaw
  4759 | D:5      | Reached ** piety under Uskayaw
  4779 | D:5      | Reached skill level 5 in Fighting
  5224 | D:5      | Bought a +2 pair of gloves of dexterity for 236 gold pieces
  5352 | D:6      | Reached XP level 8. HP: 56/63 MP: 8/8
  5448 | D:6      | Reached *** piety under Uskayaw
  5453 | D:6      | Reached **** piety under Uskayaw
  5667 | D:6      | Reached skill level 5 in Dodging
  5826 | D:6      | Reached skill level 5 in Short Blades
  5846 | D:6      | Gained mutation: You passively dampen the noise of your
                  | surroundings. [potion of mutation]
  5846 | D:6      | Gained mutation: Your mind is acute. (Int +4, Str/Dex -1)
                  | [potion of mutation]
  5846 | D:6      | Gained mutation: You expend magic power (3 MP) to
                  | strengthen your wands. [potion of mutation]
  6410 | D:6      | Noticed a red ugly thing
  6809 | D:6      | Identified a scroll of acquirement
  6809 | D:6      | Acquired 480 gold pieces
  6916 | D:7      | Reached XP level 9. HP: 65/71 MP: 9/9
  7088 | D:7      | Found a runed translucent door.
  7089 | D:7      | Noticed Crazy Yiuf
  7159 | D:7      | Found a radiant altar of Vehumet.
  7595 | D:7      | Killed Crazy Yiuf
  7629 | D:8      | Found Bupoy's Jewellery Boutique.
  7699 | D:8      | Noticed a two-headed ogre
  8117 | D:8      | Noticed Maurice
  8153 | D:8      | Something stole a ring of willpower
  8158 | D:8      | Something stole 4 throwing nets
  8164 | D:8      | Killed Maurice
  8540 | D:8      | Reached XP level 10. HP: 74/80 MP: 10/10
  8544 | D:8      | Reached skill level 1 in Armour
  8699 | D:8      | Reached skill level 2 in Armour
  9165 | D:9      | Found a large runed translucent door.
  9166 | D:9      | Found a large runed translucent door.
  9168 | D:9      | Noticed Daunt's ghost (novice DrVM)
  9269 | D:9      | Reached skill level 3 in Armour
  9884 | D:9      | Reached skill level 4 in Armour
 10313 | D:9      | Reached skill level 5 in Armour
 10621 | D:9      | Found a shimmering altar of Xom.
 10683 | D:9      | Gained mutation: When hurt, damage is shared between your
                  | health and your magic reserves. [demonic ancestry]
 10683 | D:9      | Reached XP level 11. HP: 90/90 MP: 11/11
 10960 | D:10     | Entered Level 10 of the Dungeon
 11021 | D:10     | Reached skill level 10 in Fighting
 11078 | D:10     | Found a staircase to the Orcish Mines.
 11412 | D:10     | Reached skill level 6 in Armour
 11431 | D:10     | Found a staircase to the Lair.
 11729 | D:10     | Noticed Lodul
 11914 | Orc:1    | Entered Level 1 of the Orcish Mines
 11924 | Orc:1    | Noticed a two-headed ogre
 11936 | Orc:1    | Killed a two-headed ogre
 12089 | Orc:1    | Noticed a two-headed ogre
 12116 | Orc:1    | Killed a two-headed ogre
 12261 | Orc:1    | Noticed Urug
 12269 | Orc:1    | Killed Urug
 12330 | Orc:2    | Entered Level 2 of the Orcish Mines
 12339 | Orc:2    | Reached skill level 7 in Armour
 12373 | Orc:2    | Found Teuma's Antique Weapon Emporium.
 12424 | Orc:2    | Found a staircase to the Elven Halls.
 12593 | Orc:2    | Noticed an orc sorcerer
 12921 | Orc:2    | Noticed Saint Roka
 13445 | D:10     | Killed Lodul
 14321 | D:10     | Reached skill level 1 in Invocations
 14390 | Lair:1   | Entered Level 1 of the Lair of Beasts
 14590 | Lair:1   | Noticed a boulder beetle
 14622 | Lair:1   | Gained mutation: You have a small tail. [demonic ancestry]
 14622 | Lair:1   | Reached XP level 12. HP: 86/100 MP: 13/13
 14639 | Lair:1   | Killed a boulder beetle
 14740 | Lair:1   | Found a dark tunnel.
 14748 | Lair:1   | Reached skill level 8 in Armour
 14752 | Volcano  | Entered a volcano
 15006 | Volcano  | Noticed a fire dragon
 15075 | Volcano  | Killed a fire dragon
 15175 | Volcano  | Identified the +2 helmet of Terefoh {rPois rF++ rCorr
                  | Str+2}
 15442 | Lair:1   | Reached skill level 5 in Invocations
 15459 | Lair:1   | Reached ***** piety under Uskayaw
 15681 | Lair:1   | Noticed a death yak
 15681 | Lair:1   | Noticed a death yak
 15683 | Lair:1   | Noticed a death yak
 15683 | Lair:1   | Noticed a death yak
 15686 | Lair:1   | Noticed a death yak
 15691 | Lair:1   | Noticed a death yak
 15716 | Lair:1   | Killed a death yak
 15720 | Lair:1   | Killed a death yak
 15752 | Lair:1   | Killed a death yak
 15806 | Lair:1   | Killed a death yak
 15807 | Lair:1   | Reached skill level 9 in Armour
 15838 | Lair:1   | Killed a death yak
 15883 | Lair:1   | Killed a death yak
 16190 | Orc:2    | Bought a rapier for 72 gold pieces
 16851 | D:11     | Noticed a boulder beetle
 16859 | D:11     | Killed a boulder beetle
 17094 | D:12     | Reached XP level 13. HP: 106/106 MP: 18/18
 17682 | D:12     | Identified the +1 mace of Optimality {drain, rPois rN+
                  | SInv}
 18625 | D:13     | Reached skill level 10 in Short Blades
 18625 | D:13     | Reached skill level 10 in Stealth
 18815 | D:13     | Reached skill level 10 in Armour
 19299 | D:14     | Found a gate to the Vaults.
 19473 | D:14     | Noticed an ettin
 19473 | D:14     | Noticed a sphinx
 20461 | Lair:2   | Noticed Harold
 20498 | Lair:2   | Killed Harold
 20837 | Lair:2   | Reached skill level 11 in Armour
 20907 | Lair:2   | Noticed Nergalle
 20940 | Lair:2   | Killed Nergalle
 21055 | Lair:2   | Found a runed translucent gate.
 21470 | Lair:2   | Found a runed translucent gate.
 21470 | Lair:2   | Found a runed translucent gate.
 21546 | Lair:2   | Found a staircase to the Swamp.
 21670 | Lair:2   | Noticed ksail's ghost (journeyman MiFi)
 22124 | Lair:3   | Gained mutation: A powerful demonic guardian rushes to your
                  | aid. [demonic ancestry]
 22124 | Lair:3   | Reached XP level 14. HP: 113/113 MP: 20/20
 22307 | Lair:3   | Found a staircase to the Snake Pit.
 22314 | Lair:3   | Acquired the +8 rapier of the Eternal Warrior {venom, rPois
                  | Dex+9}
 23364 | Lair:4   | Identified the +2 leather armour of Xose {rElec Str+3}
 23465 | Lair:4   | Noticed Snorg
 23478 | Lair:4   | Killed Snorg
 23731 | Lair:4   | Found a viscous altar of Jiyva.
 23732 | Lair:4   | Found a staircase to the Slime Pits.
 23869 | Lair:5   | Entered Level 5 of the Lair of Beasts
 23993 | Lair:5   | Reached skill level 12 in Armour
 24109 | Lair:5   | Noticed Nessos
 24532 | Lair:5   | Reached ****** piety under Uskayaw
 24873 | Lair:5   | Noticed Kirke
 24902 | Lair:5   | Noticed a sphinx
 24939 | Lair:5   | Killed Kirke
 24940 | Lair:5   | Reached skill level 10 in Dodging
 25275 | Lair:5   | Gained mutation: You have a tail ending in a sharp stinger.
                  | [demonic ancestry]
 25275 | Lair:5   | Reached XP level 15. HP: 90/119 MP: 16/21
 25535 | Lair:5   | Killed Nessos
 25972 | Orc:2    | Acquired a manual of Dodging
 26122 | Orc:2    | Reached skill level 13 in Armour
 26159 | Orc:2    | Found Byschuo's Jewellery Boutique.
 26159 | Orc:2    | Found Reenaefy's Armour Emporium.
 26161 | Orc:2    | Killed Saint Roka
 26161 | Orc:2    | Found Jetsedu's General Store.
 26161 | Orc:2    | Found Inatt's Book Emporium.
 26427 | Orc:2    | Bought the +1 buckler "Qeis" {-Tele Rampage rN++ Slay+2}
                  | for 340 gold pieces
 26622 | D:14     | Paralysed by a sphinx for 5 turns
 26627 | D:14     | Killed a sphinx
 26678 | D:14     | Reached skill level 1 in Shields
 26742 | D:14     | Identified the +5 orcbow of Past Mistakes {heavy, ^Contam
                  | Str+2 Int+5}
 27291 | D:15     | Entered Level 15 of the Dungeon
 27355 | D:15     | Gained mutation: You have a sharp stinger which inflicts
                  | weakening toxins. [demonic ancestry]
 27355 | D:15     | Reached XP level 16. HP: 126/126 MP: 22/22
 27647 | D:15     | Identified the +8 scimitar "Dogaburu" {vamp, rElec}
 27728 | D:15     | Found an ornate altar of the Wu Jian Council.
 28016 | D:15     | Found a staircase to the Depths.
 28043 | Depths:1 | Entered Level 1 of the Depths
 28094 | Depths:1 | Found Mesid's Book Boutique.
 28230 | Depths:1 | Reached skill level 14 in Armour
 28355 | Depths:1 | Noticed a titan
 28360 | Depths:1 | Noticed a golden dragon
 28372 | Depths:1 | Killed a titan
 28380 | Depths:1 | Noticed a walking earthen tome
 28383 | Depths:1 | Killed a golden dragon
 28396 | Depths:1 | HP: 5/126 [walking earthen tome (30)]
 28401 | Depths:1 | Killed a walking earthen tome
 28461 | Depths:1 | Identified the ring of Leaves {Fly rPois rF+ Str+4}
 28466 | Depths:1 | Identified the ring "Caysiefi" {rCorr AC+4}
 28474 | Depths:1 | Identified the ring of Utogaoli {Fly rPois rC- Int+3 SInv}
 28476 | Depths:1 | Identified the amulet "Ypor" {-Tele rElec Regen+ Str+3}
 28733 | Depths:1 | Found a basalt altar of Yredelemnul.
 28770 | Depths:1 | Reached skill level 15 in Stealth
 28920 | Depths:1 | Reached skill level 5 in Shields
 29627 | Depths:1 | Found a gateway to Hell.
 30152 | Depths:1 | Found a one-way gate to the infinite horrors of the Abyss.
 30460 | Snake:1  | Entered Level 1 of the Snake Pit
 30481 | Snake:1  | Gained mutation: You are mostly covered in yellow scales.
                  | (AC +3) [demonic ancestry]
 30481 | Snake:1  | Reached XP level 17. HP: 120/131 MP: 23/23
 30755 | Snake:1  | Found a transporter.
 30764 | Snake:1  | Found a radiant altar of Vehumet.
 30843 | Snake:1  | Identified the serpent talisman "Jaetilod" {Int+6}
 30843 | Snake:1  | Noticed Aizul
 30848 | Snake:1  | Killed Aizul
 31235 | Snake:2  | Noticed Roxanne
 31265 | Snake:2  | Killed Roxanne
 31367 | Snake:2  | Noticed Louise
 31372 | Snake:2  | Killed Louise
 31951 | Snake:2  | Got the Grimoire of the Zephyr and Burning
 32011 | Snake:2  | Found Gystawuru's Armour Shoppe.
 32235 | Snake:2  | Identified the ring "Ymexkeaz" {rCorr Dex+4}
 32236 | Snake:2  | Identified the +8 short sword "Antinula" {drain, ^Fragile
                  | rElec rPois Str+3 Stlth+}
 32519 | Snake:3  | Noticed Mara
 32526 | Snake:3  | Killed Mara
 32527 | Snake:3  | Reached skill level 15 in Armour
 33468 | Snake:4  | Entered Level 4 of the Snake Pit
 33660 | Snake:4  | Found Uwoich's Book Shoppe.
 33661 | Snake:4  | Found Taet's Jewellery Boutique.
 33661 | Snake:4  | Found Fiemal's Jewellery Boutique.
 33671 | Snake:4  | Bought the ring of Qutasiw {rC+ Str+6 Slay+2} for 934 gold
                  | pieces
 33699 | Snake:4  | Reached skill level 15 in Dodging
 33706 | Snake:4  | Gained mutation: You are robust. (+10% HP) [demonic
                  | ancestry]
 33706 | Snake:4  | Reached XP level 18. HP: 62/151 MP: 8/24
 35199 | Snake:4  | Got a serpentine rune of Zot
 35532 | Swamp:1  | Entered Level 1 of the Swamp
 35611 | Swamp:1  | Noticed Nikola
 35620 | Swamp:1  | Killed Nikola
 36341 | Swamp:2  | Noticed Mlioglotl
 36344 | Swamp:2  | Found a frozen archway.
 36376 | Swamp:2  | Killed Mlioglotl
 36380 | IceCv    | Entered an ice cave
 37079 | IceCv    | Reached skill level 15 in Fighting
 37132 | Swamp:2  | Identified the +0 long sword of Quick Death {pain, Will++
                  | Stlth+}
 37514 | Swamp:3  | Reached XP level 19. HP: 170/170 MP: 25/25
 37639 | Swamp:3  | Got the Octavo of Soot
 37886 | Swamp:4  | Entered Level 4 of the Swamp
 37889 | Swamp:4  | Reached skill level 1 in Shapeshifting
 38039 | Swamp:4  | Acquired a manual of Fire Magic
 38259 | Swamp:4  | Reached skill level 16 in Armour
 38502 | Swamp:4  | Got a decaying rune of Zot
 38722 | Elf:1    | Entered Level 1 of the Elven Halls
 38870 | Elf:1    | Paralysed by an air elemental for 1 turns
 38877 | Elf:1    | Reached skill level 5 in Shapeshifting
 38911 | Abyss:2  | Cast into level 2 of the Abyss (+2 flail of distortion)
 39037 | Abyss:2  | Noticed a hellephant
 39191 | Abyss:3  | Found a corrupted altar of Lugonu.
 39209 | Abyss:3  | Found a corrupted altar of Lugonu.
 39225 | Abyss:3  | Got Sif Muna's Quarto of the Crystalline Door
 39226 | Abyss:3  | Identified the +0 rapier of Evisceration {heavy, *Noise
                  | rElec Will+}
 39234 | Abyss:3  | Gained mutation: You are vulnerable to cold. (rC-)
                  | [mutagenic glow]
 39256 | Abyss:3  | Gained mutation: Your health recovers twice as slowly from
                  | being drained. [mutagenic glow]
 39258 | Abyss:3  | Found an iron altar of Okawaru.
 39260 | Abyss:3  | Lost mutation: You are vulnerable to cold. (rC-) [potion of
                  | mutation]
 39260 | Abyss:3  | Lost mutation: Your health recovers twice as slowly from
                  | being drained. [potion of mutation]
 39260 | Abyss:3  | Gained mutation: You are somewhat resistant to further
                  | mutation. [potion of mutation]
 39275 | Abyss:3  | Found a corrupted altar of Lugonu.
 39282 | Abyss:3  | Found a corrupted altar of Lugonu.
 39282 | Abyss:3  | Found a corrupted altar of Lugonu.
 39303 | Elf:1    | Escaped the Abyss
 39394 | Elf:1    | Identified the +4 scale mail of the Desert {Harm}
 39526 | Elf:1    | Found Etilomee's Armour Boutique.
 39569 | Elf:1    | Bought a +2 pair of boots of rampaging for 344 gold pieces
 39892 | Elf:1    | Found Engolir's Assorted Antiques.
 40134 | Elf:1    | Identified the +1 robe of Dawn {rF+ Slay+3}
 40224 | Elf:2    | Found a runed translucent door.
 40246 | Elf:2    | Found a runed translucent door.
 40269 | Elf:2    | Paralysed by an air elemental for 1 turns
 40385 | Elf:2    | Got Ts'ui Pên's Papyrus of Forking Paths
 40393 | Elf:2    | Got the Codex of Sand
 40532 | Elf:2    | Reached skill level 17 in Armour
 40608 | Elf:2    | Reached XP level 20. HP: 105/179 MP: 10/26
 40970 | Elf:3    | Entered Level 3 of the Elven Halls
 41575 | Abyss:3  | Cast into level 3 of the Abyss (a deep elf sorcerer)
 41736 | Abyss:3  | Noticed a dread lich
 42152 | Abyss:3  | Noticed a dread lich
 42163 | Abyss:3  | Paralysed by a dread lich for 4 turns
 42270 | Abyss:3  | Noticed a bone dragon
 42276 | Abyss:3  | Killed a dread lich
 42295 | Elf:3    | Escaped the Abyss
 42662 | Elf:3    | Found Peadel's Book Shop.
 42682 | Elf:3    | Learned a level 4 spell: Manifold Assault
 42690 | Elf:3    | Found a runed translucent gate.
 42692 | Elf:3    | Found a runed translucent gate.
 42693 | Elf:3    | Found a runed translucent gate.
 42693 | Elf:3    | Found an opulent altar of Gozag.
 42694 | Elf:3    | Noticed olddryhag's ghost (adept GrGl)
 42697 | Elf:3    | Found Wiptiuhy's Assorted Antiques.
 43185 | Elf:3    | Got Tedaf's Tome of Congelation
 43191 | Elf:3    | Identified the +6 spear of Resumed Hostilities {speed,
                  | Will+}
 43226 | Elf:3    | Identified the +0 pair of gloves "Jacoc" {-Tele rC+ Int+6}
 43230 | Elf:3    | Got the Discursus on Snow
 43242 | Elf:3    | Got Boz Giny's Grimoire of Helpful Battle Magic
 43254 | Elf:3    | Got Jirur's Practicing the Mind of the Magus
 43321 | Elf:3    | Got the Precepts of Combative Embers
 43330 | Elf:3    | Identified the +3 ice dragon scales of the Ecumenical
                  | Temple {rF- rC++ Regen+ Int+2}
 43335 | Elf:3    | Identified the +7 sling "Embalmer" {freeze, rPois rC+ Int-5
                  | Dex+2}
 43402 | Elf:3    | Killed a bone dragon
 43403 | Elf:3    | Reached skill level 18 in Armour
 44241 | Slime:1  | Entered Level 1 of the Pits of Slime
 45234 | Depths:2 | Paralysed by a sphinx for 4 turns
 45243 | Depths:2 | Paralysed by a sphinx for 5 turns
 45255 | Depths:2 | HP: 6/179 [something (25)]
 45255 | Depths:2 | Slain by a deep troll

Illustrated notes

Levels and vault maps discovered:
D:1:      lemuel_arrival_behind_the_door_small, layout_basic, serial_shops,
          shop, shop, shop
D:2:      layout_basic, serial_shops, shop, grunt_ministairs_1
D:3:      layout_rooms, glass_columns_a, roderic_lattice_a, uniq_terence
D:4:      layout_basic, general_overflow_altar
D:5:      layout_loops_cross, minmay_temple_entry_junction,
          nicolae_stop_n_shop_1, minmay_misc_feat_chi, uniq_menkaure
D:6:      layout_loops_corners
D:7:      layout_basic, mainiacjoe_overflow_catwalk, minmay_misc_feat_rugged,
          uniq_crazy_yiuf_cottage
D:8:      layout_basic, serial_shops, nicolae_shop_gaudy_bauble,
          kennysheep_generic_room_13, uniq_maurice
D:9:      layout_grid_maze, led_xom_imps, ebering_ghost_disaster_area,
          minmay_misc_feat_encased
D:10:     layout_long_grid, erik_lair_dragon, orc_0_dummy, uniq_lodul
D:11:     layout_rooms
D:12:     layout_grid_maze, onia_ninara_dug_in_and_dangerous
D:13:     layout_rooms, serial_aquarium, aquarium_bridge_square
          [aquarium_subvault_bridge, aquarium_subvault_wall,
          aquarium_subvault_window, aquarium_subvault_window],
          aquarium_bridge_straight [aquarium_subvault_bridge,
          aquarium_subvault_wall, aquarium_subvault_bridge,
          aquarium_subvault_window], aquarium_window_corner,
          aquarium_window_fake, aquarium_window_fake, aquarium_view_2c,
          nicolae_fountain_basement
D:14:     layout_irregular_city, david_vaults_3, minmay_radiant
D:15:     grunt_enter_depths_snipers, layout_irregular_city,
          nzn_wu_jian_council_hall
Temple:   compressed_dpeg_triangle_lava_temple
Lair:1:   layout_loops_ring, nicolae_volcano_entry_vermiform, grunt_megastairs_5
Lair:2:   layout_layer_cave, nicolae_swamp_entry_splash_gauntlet,
          gammafunk_ghost_icy, lemuel_fruit_fields, uniq_nergalle, uniq_harold
Lair:3:   layout_cave_pods, guppyfry_snake_entry_island, st_stairs_4,
          infiniplex_staircase_pool_2, serial_bayou_shore_a, lemuel_fruit_tree
Lair:4:   layout_regular_city, dpeg_slime_entry_enclosed,
          nicolae_lair_run_with_the_wolves, grunt_megastairs_3,
          lemuel_fruit_fields, uniq_snorg
Lair:5:   hangedman_lair_caniforms_friends, layout_big_grid,
          hangedman_lair_in_review, dpeg_oklob_1, infiniplex_staircase_pool,
          uniq_kirke, uniq_nessos
Swamp:1:  layout_basic_swamp, nicolae_swamp_little_tower, uniq_nikola
Swamp:2:  layout_basic_swamp, portal_ice_cave_entry_pillars_1,
          evilmike_swamp_ruin_house_4, nicolae_swamp_long_stream, uniq_mlioglotl
Swamp:3:  layout_falls_marsh, nicolae_swamp_small_spring, swamp_pool_1_2
Swamp:4:  swamp_basic_johnstein, layout_basic_swamp
Snake:1:  gammafunk_sealed_library, layout_gridlike,
          serial_library_hellmonk_reading_circle,
          nicolae_snake_the_dead_are_slithering, uniq_aizul
Snake:2:  cheibrodos_snake_lava_hold, layout_basic, serial_shops,
          nicolae_take_the_stairs, library_closet, serial_bayou_pond_c,
          nicolae_snake_snake_lake, nrook_guardian_serpent_ordinary,
          uniq_louise, uniq_roxanne
Snake:3:  layout_onion_interference, uniq_mara
Snake:4:  grunt_snake_rune_pools, layout_cave_town, minmay_shop_grove
Slime:1:  layout_caves
Orc:1:    layout_caves, uniq_urug
Orc:2:    st_orc_ogre_mass, layout_diamond_mine, serial_shops, shop,
          guppyfry_library_mini, uniq_saint_roka
Elf:1:    eino_elf_arrival_customs, layout_loops_ring, serial_shops, shop, shop,
          nicolae_elf_shapeshifter_party
Elf:2:    elven_hall_of_blades_hangedman_original
          [nicolae_blade_entry_splitting_headache], layout_loops_cross,
          serial_sigils_hangedman_writhe, bh_hangedman_babel_library
Elf:3:    minmay_elf_hall_furrowed, layout_onion_city, serial_shops,
          nicolae_shop_window_shopping, ebering_ghost_gozag
Depths:1: minmay_the_grid_triangle_9x9_rhombus_thin
          [minmay_the_grid_triangle_9x9_pentomino_pain,
          minmay_the_grid_triangle_9x9_prize_special,
          minmay_the_grid_triangle_9x9_descending_squares,
          minmay_the_grid_triangle_9x9_windchime], layout_long_grid,
          nicolae_eternal_life, hellmouth_1, abyss_entry_small_statue_room,
          serial_shops, nicolae_inconvenience_store,
          nicolae_yredelemnul_corpse_copse
Depths:2: gold_lair_mu, layout_basic, rand_demon_pan_entry_3,
          hangedman_abyss_entry_splay, pf_hell_entry_great_geh,
          kennysheep_generic_room_12, uniq_vv

Skill      XL: |  1  2  3  4  5  6  7  8  9 10 11 12 13 14 15 16 17 18 19 20 |
---------------+-------------------------------------------------------------+-----
Dodging        | 2 3 4 5 6 7 9 10 11 13 15 16 | 16.7
Short Blades   | 2 3 4 5 6 7 8 9 10 11 12 13 14 | 14.0
Stealth        | 5 6 7 8 9 11 13 14 15 16 | 16.7
Fighting       | 4 5 6 7 9 11 15 | 15.6
Armour         | 5 7 9 11 12 13 14 15 17 18 | 18.2
Invocations    | 1 7 8 |  8.0
Shields        | 2 5 7 |  7.5
Shapeshifting  | 7 9 |  9.5

Action                     |  1- 3 |  4- 6 |  7- 9 | 10-12 | 13-15 | 16-18 | 19-21 || total
---------------------------+-------+-------+-------+-------+-------+-------+-------++-------
  Melee: Short sword       |   201 |   337 |   319 |       |       |   781 |  1124 ||  2762
         Punch             |       |     6 |    14 |    27 |    34 |       |    11 ||    92
         Dagger            |       |       |   284 |  1515 |   685 |       |       ||  2484
         Tailslap          |       |       |       |   133 |   300 |   323 |   246 ||  1002
         Rapier            |       |       |       |    76 |   759 |   694 |       ||  1529
         Long sword        |       |       |       |     9 |     6 |       |       ||    15
         Unarmed           |       |       |       |       |    37 |       |       ||    37
  Throw: Dart              |       |       |       |    17 |       |       |       ||    17
 Invoke: Stomp             |       |       |     1 |     2 |     3 |     4 |       ||    10
         Line Pass         |       |       |     1 |       |     3 |     2 |       ||     6
         Grand Finale      |       |       |       |       |     1 |     1 |     2 ||     4
  Evoke: Wand              |       |       |     1 |     1 |     2 |     1 |       ||     5
    Use: Scroll            |       |     5 |     7 |     7 |     8 |     2 |    13 ||    42
         Potion            |       |     8 |     4 |     2 |     6 |     8 |    10 ||    38
   Stab: Sleeping          |    12 |     6 |    16 |    12 |    43 |   102 |    57 ||   248
         Distracted        |       |       |     1 |     2 |     7 |     8 |    19 ||    37
         Paralysed         |       |       |     5 |    14 |    83 |    88 |    62 ||   252
         Confused          |       |       |       |       |     1 |       |       ||     1
         Petrified         |       |       |       |       |     1 |       |       ||     1
         Invisible         |       |       |       |       |       |     2 |       ||     2
 Armour: Leather armour    |    81 |   107 |       |       |       |       |       ||   188
         Robe              |       |    27 |   225 |       |       |       |       ||   252
         Skin              |       |       |    44 |       |    21 |       |       ||    65
         Acid dragon scale |       |       |     2 |   669 |   559 |   435 |   620 ||  2285
  Dodge: Dodged            |   197 |   240 |   478 |  1053 |  1339 |   658 |   599 ||  4564
  Block: Buckler           |       |       |       |       |    25 |   330 |   135 ||   490

Table legend: (Time is in decaauts)
 A = Elapsed time spent in this place.
 B = Non-inter-level travel time spent in this place.
 C = Inter-level travel time spent in this place.
 D = Time resting spent in this place.
 E = Time spent auto-exploring this place.
 F = Levels seen in this place.
 G = Mean time per level.
                   A        B        C        D        E       F      G
               +--------+--------+--------+--------+--------+-----+--------+
         Total |  42521 |  38176 |   4345 |   5592 |  20779 |  42 | 1012.4 |
       Dungeon |  17714 |  15086 |   2628 |   1723 |   8846 |  15 | 1180.9 |
        Temple |     35 |     22 |     13 |      0 |      0 |   1 |   35.0 |
          Lair |   7245 |   6440 |    805 |    936 |   3609 |   5 | 1449.0 |
         Swamp |   1960 |   1833 |    127 |     55 |   1248 |   4 |  490.0 |
     Snake Pit |   4687 |   4423 |    264 |    571 |   2773 |   4 | 1171.8 |
    Slime Pits |    112 |    103 |      9 |     37 |      0 |   1 |  112.0 |
  Orcish Mines |   2043 |   1803 |    240 |    561 |    720 |   2 | 1021.5 |
   Elven Halls |   3908 |   3768 |    140 |    588 |   1939 |   3 | 1302.7 |
        Depths |   2637 |   2522 |    115 |    639 |   1079 |   2 | 1318.5 |
         Abyss |   1027 |   1027 |      0 |    248 |    141 |   3 |  342.3 |
      Ice Cave |    640 |    640 |      0 |     27 |    381 |   1 |  640.0 |
       Volcano |    508 |    508 |      0 |    205 |     42 |   1 |  508.0 |
               +--------+--------+--------+--------+--------+-----+--------+

Top non-repeatable levels by time:
Depths:1: 2445 daAuts
   Elf:3: 2132 daAuts
     D:9: 2093 daAuts
    D:10: 1969 daAuts
  Lair:2: 1780 daAuts
 Snake:4: 1764 daAuts
  Lair:5: 1752 daAuts
    D:12: 1687 daAuts
   Orc:2: 1543 daAuts
  Lair:1: 1526 daAuts
     D:6: 1338 daAuts
     D:1: 1285 daAuts
     D:2: 1245 daAuts
  Lair:3: 1178 daAuts
     D:7: 1175 daAuts
